 Dungeon Crawl Stone Soup version 0.20-a0-947-g2784f4f (webtiles) character file.

11648 hittemvvvvvhard the Blocker (level 12, -10/87 HPs)
             Began as a Formicid Fighter on Apr 2, 2017.
             Was a Priest of Hepliaklqana.
             Killed from afar by a gargoyle (17 damage)
             ... with a stone arrow
             ... on level 10 of the Dungeon.
             The game lasted 00:32:43 (12502 turns).

hittemvvvvvhard the Blocker (Formicid Fighter)     Turns: 12502, Time: 00:32:43

Health: -10/87     AC:  9    Str: 26    XL:     12   Next: 10%
Magic:  12/12      EV: 10    Int: 12    God:    Hepliaklqana [***...]
Gold:   193        SH: 16    Dex: 12    Spells: 11/11 levels left

rFire    . . .     SeeInvis +   a - +0 quarterstaff
rCold    . . .     Gourm    .   c - +0 shield
rNeg     . . .     Faith    .   d - +3 scale mail of the Armoured One {Int+4}
rPois    .         Spirit   .   (helmet unavailable)
rElec    .         Reflect  +   (no cloak)
rCorr    +         Harm     .   (no gloves)
MR       +....                  (no boots)
Stlth    ..........             u - +3 amulet of reflection
Regen    0.3/turn               i - ring of resist corrosion
MPRegen  0.2/turn               m - +2 ring of dexterity

@: drained
A: permanent stasis, dig shafts and tunnels, four strong arms, reduced essence,
antennae 3
a: Dig, Shaft Self, Recall Ancestor, Ancestor Identity, Transference, Renounce
Religion


You were on level 10 of the Dungeon.
You worshipped Hepliaklqana.
Hepliaklqana was most pleased with you.
You were hungry.

You visited 2 branches of the dungeon, and saw 12 of its levels.

You collected 578 gold pieces.
You spent 385 gold pieces at shops.

Inventory:

Hand Weapons
 a - a +0 quarterstaff (weapon)
Armour
 c - a +0 shield (worn)
 d - the +3 scale mail of the Armoured One (worn) {Int+4}
   (You bought it in a shop on level 8 of the Dungeon)

   It affects your intelligence (+4).
 x - a +0 plate armour
Jewellery
 i - a ring of resist corrosion (left hand)
 j - an uncursed ring of ice
 m - a +2 ring of dexterity (right hand)
 u - a +3 amulet of reflection (around neck)
Wands
 b - a wand of digging (11/24)
 r - a wand of flame (22/48)
 v - a wand of random effects (31/48)
 G - a wand of lightning (11/15)
 I - a wand of polymorph (9/24)
 L - a wand of flame (19/48)
 N - a wand of iceblast (4/15)
 P - a wand of paralysis (12/24)
 Q - a wand of digging (8/24)
Scrolls
 e - 2 scrolls of recharging
 g - 3 scrolls of immolation {unknown}
 k - 4 scrolls of enchant weapon
 n - a scroll of amnesia {unknown}
 o - 5 scrolls of remove curse
 s - 4 scrolls of enchant armour
 w - 3 scrolls of blinking {unknown}
 y - 2 scrolls of random uselessness {unknown}
 D - 3 scrolls of fog
 F - a scroll of magic mapping {unknown}
 H - a scroll of fear {unknown}
 O - a scroll of holy word {unknown}
Potions
 l - a potion of resistance
 p - 2 potions of brilliance
 q - 2 potions of curing
 t - a potion of flight {unknown}
 B - 3 potions of lignification
 C - a potion of agility {unknown}
 J - a potion of magic {unknown}
 K - a potion of berserk rage {unknown}
 M - a potion of invisibility {unknown}
Books
 R - a book of Transfigurations

   Spells                             Type                      Level
   a - Irradiate                      Conjuration/Transmutation    5
   b - Statue Form                    Transmutation/Earth          6
   c - Hydra Form                     Transmutation                6
   d - Dragon Form                    Transmutation                7
Comestibles
 f - 9 bread rations
 h - 10 fruits
 z - 3 meat rations
 E - 3 royal jellies


   Skills:
 + Level 9.7(8.5) Fighting
 * Level 11.6(10.4) Staves
 + Level 3.7(2.7) Armour
 + Level 0.8(0.0) Dodging
 * Level 13.7(12.5) Shields


You had 11 spell levels left.
You didn't know any spells.

Dungeon Overview and Level Annotations

Branches:
Dungeon (11/15)            Temple (1/1) D:6            Lair (0/6) D:8
    Orc: D:9-12

Altars:
Ashenzari
Cheibriados
Dithmenos
Elyvilon
Fedhas
Gozag
Hepliaklqana
Kikubaaqudgha
Makhleb
Nemelex Xobeh
Okawaru
Qazlal
Ru
Sif Muna
Trog
Uskayaw
Vehumet
Wu Jian
Xom
Yredelemnul
Zin
The Shining One

Shops:
D:5 !   D:8 [   D:9 !   D:10 (

Annotations:
D:3 Sigmund
D:5 Grinder
D:7 Menkaure
D:11 exclusion: upstairs


Innate Abilities, Weirdness & Mutations

You cannot be hasted, slowed, berserked, paralysed or teleported.
You can dig through walls and to a lower floor.
Your four strong arms can wield two-handed weapons with a shield.
You have a pair of large antennae on your head. (SInv)
Your life essence is reduced. (-10% HP)


Message History

George hits the gargoyle but does no damage.
The gargoyle hurls a stone arrow at you.
The stone arrow hits you!
* * * LOW HITPOINT WARNING * * *
George closely misses the gargoyle.
There is a stone staircase leading down, spattered with blood here.
You feel better.
George hits the gargoyle but does no damage.
You block the gargoyle's attack.
George hits the gargoyle but does no damage.
The gargoyle hurls a stone arrow at you.
The stone arrow hits you!
* * * LOW HITPOINT WARNING * * *
There is a stone staircase leading up, spattered with blood here.
Things that are here:
a tomahawk; an orc skeleton George hits the gargoyle with a dagger of draining.
The gargoyle hurls a stone arrow at you.
The stone arrow hits you!
You die...

#########################
#........................
####.####.#####....######
#.#.<)(.........+....#
###.####[####.....####.#
#.#..9>@................
#....R(.................
#.#.##.........#.#####.#
#.#..[..#.#............'
####.####..#.####.........#
#..................######.#
#.##.##....#.####.(# #.#
#..........#.# #..######.#
#.#####....#.####.........#


You could see the friendly George the hexer and a gargoyle.

Vanquished Creatures
  2 two-headed ogres (D:10)
  Pikel (D:9)
  An ugly thing (D:10)
  A centaur zombie (D:10)
  A gargoyle (D:11)
  Prince Ribbit (D:6)
  2 trolls (D:10)
  2 hippogriffs
  4 yaks
  A hungry ghost (D:9)
  Grum (D:10)
  A water moccasin (D:7)
  2 black bears
  2 phantoms
  An orc warrior (D:6)
  5 sky beasts
  2 slaves (D:9)
  6 centaurs
  3 wolves (D:10)
  2 big kobolds
  A gnoll sergeant (D:8)
  3 bullfrogs
  Dowan (D:7)
  4 scorpions
  4 wights (D:11)
  3 killer bees (D:7)
  5 howler monkeys
  2 crimson imps
  A bullfrog zombie (D:10)
  5 orc priests
  A jelly (D:9)
  A bullfrog skeleton (D:10)
  4 hounds
  13 orc wizards
  5 worker ants
  2 hound zombies
  A howler monkey zombie (D:6)
  A mummy (D:6)
  8 gnolls
  8 adders
  2 oozes (D:1)
  An adder skeleton (D:9)
  2 adder zombies (D:5)
  3 worms
  4 dart slugs
  A leopard gecko (D:2)
  33 orcs
  4 giant cockroaches
  6 hobgoblins
  3 jackals (D:2)
  4 quokkas
  5 ball pythons
  7 bats
  4 frilled lizards
  5 goblins
  A goblin zombie (D:6)
  A hobgoblin zombie (D:6)
  7 kobolds
  A quokka skeleton (D:7)
  10 rats
218 creatures vanquished.

Vanquished Creatures (collateral kills)
  Maurice (D:9)
  Joseph (D:9)
  A centaur skeleton (D:11)
  3 yaks
  Duvessa (D:7)
  2 orc warriors
  A sky beast (D:7)
  A black bear (D:5)
  An ogre (D:10)
  A centaur (D:5)
  2 bullfrogs
  A gnoll sergeant (D:10)
  A water moccasin skeleton (D:6)
  A crimson imp (D:5)
  A bullfrog zombie (D:11)
  A hound (D:8)
  A jelly (D:9)
  An orc priest (D:6)
  2 worker ants
  2 orc wizards (D:6)
  A killer bee zombie (D:5)
  An adder (D:7)
  4 gnolls
  A worm (D:4)
  3 orcs
  4 kobolds
40 creatures vanquished.

Vanquished Creatures (others)
  A cyclops (D:11)
  2 slaves (D:9)
  A hexer (D:10)
  6 ancestors
  3 orcs
  A quokka (D:9)
14 creatures vanquished.

Grand Total: 272 creatures vanquished

Notes
Turn   | Place    | Note
-------+----------+-------------------------------------------
     0 | D:1      | hittemvvvvvhard the Formicid Fighter began the quest for the Orb.
     0 | D:1      | Reached XP level 1. HP: 18/18 MP: 1/1
   163 | D:1      | Reached XP level 2. HP: 24/24 MP: 2/2
   238 | D:1      | Reached skill level 4 in Shields
   449 | D:1      | Reached XP level 3. HP: 18/29 MP: 3/3
   998 | D:2      | Reached XP level 4. HP: 36/37 MP: 4/4
  1267 | D:2      | Found a bloodstained altar of Trog.
  1342 | D:2      | Found a burning altar of Makhleb.
  1784 | D:3      | Reached skill level 5 in Shields
  1784 | D:3      | Reached XP level 5. HP: 32/42 MP: 5/5
  2381 | D:3      | Reached XP level 6. HP: 42/49 MP: 6/6
  2699 | D:3      | Noticed Sigmund
  2843 | D:4      | Reached skill level 6 in Shields
  2980 | D:4      | Found a sparkling altar of Nemelex Xobeh.
  3364 | D:5      | Entered Level 5 of the Dungeon
  3449 | D:5      | Found a hazy altar of Hepliaklqana.
  3451 | D:5      | Found a shattered altar of Ashenzari.
  3453 | D:5      | Found a bloodstained altar of Trog.
  3453 | D:5      | Found an opulent altar of Gozag.
  3593 | D:5      | Became a worshipper of Hepliaklqana the Forgotten
  3641 | D:5      | Reached XP level 7. HP: 49/49 MP: 7/7
  3740 | D:5      | Reached skill level 5 in Fighting
  3856 | D:5      | Found Itomaohi's Distillery.
  3862 | D:5      | Found a hide-covered altar of Uskayaw.
  3864 | D:5      | Reached skill level 7 in Shields
  3990 | D:5      | Noticed Grinder
  4119 | D:5      | Bought a potion of curing for 39 gold pieces
  4119 | D:5      | Bought a potion of heal wounds for 65 gold pieces
  4155 | D:6      | Reached skill level 5 in Staves
  4319 | D:6      | Reached XP level 8. HP: 36/55 MP: 8/8
  4547 | D:6      | Found a staircase to the Ecumenical Temple.
  4567 | Temple   | Entered the Ecumenical Temple
  4762 | D:6      | Reached * piety under Hepliaklqana
  5007 | D:6      | Reached skill level 8 in Shields
  5192 | D:7      | Noticed Duvessa
  5206 | D:7      | Killed Duvessa
  5208 | D:7      | Noticed Dowan
  5214 | D:7      | Killed Dowan
  5285 | D:7      | Noticed a hippogriff
  5292 | D:7      | Reached XP level 9. HP: 51/62 MP: 9/9
  5299 | D:7      | Killed a hippogriff
  5299 | D:7      | Reached skill level 9 in Shields
  6239 | D:7      | Found an ancient bone altar of Kikubaaqudgha.
  6280 | D:7      | Noticed Prince Ribbit
  6552 | D:6      | Killed Prince Ribbit
  6552 | D:6      | Reached skill level 10 in Shields
  7161 | D:7      | Reached XP level 10. HP: 51/71 MP: 10/10
  7402 | D:7      | Noticed Menkaure
  7796 | D:8      | Found a staircase to the Lair.
  7942 | D:8      | Found Imour's Antique Armour Shop.
  7960 | D:8      | Bought a faintly glowing scale mail for 216 gold pieces
  7970 | D:8      | Identified the +3 scale mail of the Armoured One {Int+4} (You bought it in a shop on level 8 of the Dungeon)
  8033 | D:8      | Reached ** piety under Hepliaklqana
  8096 | D:8      | Reached skill level 11 in Shields
  8542 | D:9      | Noticed Pikel
  8565 | D:9      | Killed Pikel
  8603 | D:9      | Noticed Maurice
  8613 | D:9      | Killed Maurice
  8675 | D:9      | Found Korhith's Distillery.
  8680 | D:9      | Bought a potion of heal wounds for 65 gold pieces
  9056 | D:9      | Noticed Joseph
  9073 | D:9      | Killed Joseph
  9106 | D:9      | Reached skill level 12 in Shields
  9196 | D:9      | Reached skill level 10 in Staves
  9196 | D:9      | Reached XP level 11. HP: 54/78 MP: 11/11
  9547 | D:9      | You fall through a shaft!
  9547 | D:10     | Entered Level 10 of the Dungeon
  9547 | D:10     | Found a white marble altar of Elyvilon.
  9602 | D:10     | Noticed a two-headed ogre
  9623 | D:10     | You fall through a shaft!
 10064 | D:11     | Reached *** piety under Hepliaklqana
 10098 | D:10     | Noticed Grum
 10527 | D:10     | Killed Grum
 10678 | D:10     | Found Kiumih's Antique Weapon Shoppe.
 10706 | D:10     | Noticed a two-headed ogre
 10716 | D:10     | Killed a two-headed ogre
 10716 | D:10     | Reached skill level 13 in Shields
 10717 | D:10     | Remembered your ancestor George as a hexer
 10946 | D:10     | Killed a two-headed ogre
 11425 | D:11     | Noticed a cyclops
 11430 | D:11     | Noticed a red ugly thing
 11461 | D:10     | Killed a red ugly thing
 11829 | D:10     | Reached XP level 12. HP: 81/86 MP: 12/12
 12502 | D:10     | Killed from afar by a gargoyle

Vault maps used:
D:1:      lemuel_arrival_behind_the_door_small, serial_forest,
          infiniplex_forest_straight_2, infiniplex_forest_lined_ring,
          infiniplex_forest_lined_room_2, infiniplex_forest_clump_long,
          infiniplex_forest_end_2, infiniplex_forest_clump_long,
          minmay_misc_feat_doors
D:2:      overflow_temple_1_default, trog_book
D:3:      uniq_sigmund
D:4:      hangedman_glass_teeth, nrook_loot_triangle, nemelex_spade_bored_becter
D:5:      grunt_temple_overflow_open, basic_altar, serial_shops,
          nicolae_shop_window_shopping, first_bread, minmay_misc_feat_room,
          item_on_display_a, uniq_grinder
D:6:      minmay_temple_entry_large_hall, nicolae_ossuary_entry_giza,
          minivault_27, minmay_fountain_box
D:7:      kennysheep_mini, uniq_duvessa, uniq_prince_ribbit1, uniq_menkaure
D:8:      lair_entry_dummy, serial_shops, nicolae_shop_stone
D:9:      serial_shops, shop, uniq_maurice, uniq_pikel, uniq_joseph
D:10:     serial_shops, shop, basic_altar, uniq_grum
D:11:     special_room
Temple:   nicolae_temple_elliptical

Skill      XL: |  1  2  3  4  5  6  7  8  9 10 11 |
---------------+----------------------------------+-----
Shields        | 4 5 6 7 8 10 12 13 | 13.7
Fighting       | 4 5 6 7 8 9 |  9.7
Staves         | 3 4 5 6 8 10 11 | 11.6
Armour         | |  3.7
Dodging        | |  0.8

Action                   |  1- 3 |  4- 6 |  7- 9 | 10-12 || total
-------------------------+-------+-------+-------+-------++-------
Melee: Quarterstaff      |    83 |   218 |   283 |   551 ||  1135
Invok: Ancestor Identity |       |     1 |     1 |       ||     2
       Ancestor Life: He |       |       |       |     1 ||     1
 Abil: Shaft Self        |       |       |       |     2 ||     2
Evoke: Wand              |       |       |       |     1 ||     1
  Use: Scroll            |       |       |     6 |     5 ||    11
       Potion            |       |       |     4 |     2 ||     6
 Stab: Distracted        |       |       |     4 |     3 ||     7
       Paralysed         |       |       |       |     4 ||     4
       Confused          |       |       |       |     1 ||     1
  Eat: Chunk             |       |     9 |    11 |    14 ||    34
       Meat ration       |       |       |       |     1 ||     1
Armor: Scale mail        |    46 |    69 |    53 |    79 ||   247
       Plate armour      |       |       |       |     1 ||     1
Dodge: Dodged            |    27 |    57 |    70 |    88 ||   242
Block: Shield            |    40 |   131 |   186 |   374 ||   731
       Reflection        |       |       |     5 |    22 ||    27
